TOP OF THE 1ST |
Lexington Legends batting - Pitching for Quad Cities River Bandits : LHP Jason Mitchell
|
Pitching: LHP Jason Mitchell
|
|
Batting: LHB Efrem Isaev
|
0-0: Swinging Strike 0-1: Foul Ball, location: 2F 0-2: Ball 1-2: Strikes out swinging
|
Batting: RHB Jonas Fernandez
|
0-0: Called Strike 0-1: SINGLE (Flyball, 8LS, EV 96.2 MPH)
|
Batting: LHB Edgar Ortiz
|
0-0: Called Strike 0-1: Foul Ball, location: 2F 0-2: Ground out 5-3 (Groundball, 56S, EV 66.9 MPH) Jonas Fernandez to second
|
Batting: RHB Chang-keun Baik
|
0-0: Ball 1-0: Swinging Strike 1-1: Foul Ball, location: 2F 1-2: Foul Ball, location: 2F 1-2: Strikes out swinging
|
Top of the 1st over - 0 runs, 1 hit, 0 errors, 1 left on base; Lexington 0 - Quad Cities 0 |
BOTTOM OF THE 1ST |
Quad Cities River Bandits batting - Pitching for Lexington Legends : RHP Tony Jimenez
|
Pitching: RHP Tony Jimenez
|
|
Batting: RHB Omar Amaya
|
0-0: Ground out 4-3 (Groundball, P, EV 85.6 MPH)
|
Batting: RHB Sean Mounts
|
0-0: Ball 1-0: Foul Ball, location: 2F 1-1: Ball 2-1: Foul Ball, location: 2F 2-2: SINGLE (Line Drive, 4D, EV 95.6 MPH)
|
Batting: LHB Bob Dietz
|
0-0: Ball 1-0: Ball 2-0: Fielders Choice at 2nd, 4-6 (Groundball, 34S, EV 86.2 MPH)
|
Batting: RHB Xavier Castaneda
|
0-0: Called Strike 0-1: Ball 1-1: Ball 2-1: 2-RUN HOME RUN (Flyball, 7D, EV 100.0 MPH), Distance : 377 ft
|
Batting: RHB Cameron Rattenbury
|
0-0: Called Strike 0-1: Foul Ball, location: 2F 0-2: Ball 1-2: Ball 2-2: Fly out, F8 (Line Drive, 78M, EV 93.1 MPH)
|
Bottom of the 1st over - 2 runs, 2 hits, 0 errors, 0 left on base; Lexington 0 - Quad Cities 2 |
TOP OF THE 2ND |
Lexington Legends batting - Pitching for Quad Cities River Bandits : LHP Jason Mitchell
|
Batting: RHB David Rubio
|
0-0: Ball 1-0: Ball 2-0: Ball 3-0: Base on Balls
|
Batting: RHB Ian Hornsby
|
0-0: Ball 1-0: Called Strike 1-1: Ball 2-1: Called Strike 2-2: Ball 3-2: Foul Ball, location: 2F 3-2: Strikes out swinging David Rubio steals 2nd base Batter strikes out.
|
Batting: RHB Trevor Kingston
|
0-0: Ball 1-0: Ground out 6-3 (Groundball, 6M, EV 106.2 MPH) David Rubio to third
|
Batting: LHB Josh Dalton
|
0-0: Called Strike 0-1: Fly out, F9 (Flyball, 9D, EV 93.1 MPH)
|
Top of the 2nd over - 0 runs, 0 hits, 0 errors, 1 left on base; Lexington 0 - Quad Cities 2 |
BOTTOM OF THE 2ND |
Quad Cities River Bandits batting - Pitching for Lexington Legends : RHP Tony Jimenez
|
Batting: LHB Tomas de Zeeuw
|
0-0: Ball 1-0: Foul Ball, location: 2F 1-1: Ball 2-1: Foul Ball, location: 2F 2-2: Ball 3-2: Base on Balls
|
Batting: RHB Yoshitoshi Mori
|
0-0: Ball 1-0: Foul Ball, location: 2F 1-1: Foul Ball, location: 2F 1-2: Ball 2-2: Strikes out swinging
|
Batting: SHB Benoît Morin
|
0-0: Ball 1-0: DOUBLE (Flyball, 78D, EV 109.4 MPH) Tomas de Zeeuw to third
|
Batting: RHB Oren Jones
|
0-0: SINGLE (Groundball, 5S, EV 69.4 MPH) (infield hit) Tomas de Zeeuw scores Benoît Morin to third
|
Batting: RHB Omar Amaya
|
0-0: Grounds into double play, 6-4-3 (Groundball, 6, EV 108.1 MPH)
|
Bottom of the 2nd over - 1 run, 2 hits, 0 errors, 1 left on base; Lexington 0 - Quad Cities 3 |
TOP OF THE 3RD |
Lexington Legends batting - Pitching for Quad Cities River Bandits : LHP Jason Mitchell
|
Batting: LHB Vicente Hernandez
|
0-0: Ball 1-0: Called Strike 1-1: Ball 2-1: Foul Ball, location: 2F 2-2: Strikes out looking
|
Batting: LHB Efrem Isaev
|
0-0: Called Strike 0-1: Called Strike 0-2: Foul Ball, location: 2F 0-2: Ball 1-2: Ball 2-2: Foul Ball, location: 2F 2-2: Ground out 5-3 (Groundball, 5, EV 86.2 MPH)
|
Batting: RHB Jonas Fernandez
|
0-0: Ball 1-0: Ball 2-0: Ball 3-0: Called Strike 3-1: Ground out 4-3 (Groundball, 4M, EV 84.4 MPH)
|
Top of the 3rd over - 0 runs, 0 hits, 0 errors, 0 left on base; Lexington 0 - Quad Cities 3 |
BOTTOM OF THE 3RD |
Quad Cities River Bandits batting - Pitching for Lexington Legends : RHP Tony Jimenez
|
Batting: RHB Sean Mounts
|
0-0: Ball 1-0: Called Strike 1-1: Ground out 2-3 (Groundball, 13S, EV 68.1 MPH)
|
Batting: LHB Bob Dietz
|
0-0: Ball 1-0: Called Strike 1-1: Swinging Strike 1-2: Ball 2-2: Strikes out swinging
|
Batting: RHB Xavier Castaneda
|
0-0: Ball 1-0: Called Strike 1-1: Called Strike 1-2: Ball 2-2: Foul Ball, location: 2F 2-2: Foul Ball, location: 2F 2-2: Ball 3-2: Foul Ball, location: 2F 3-2: Ground out 3-1 (Groundball, 34, EV 88.1 MPH)
|
Bottom of the 3rd over - 0 runs, 0 hits, 0 errors, 0 left on base; Lexington 0 - Quad Cities 3 |
TOP OF THE 4TH |
Lexington Legends batting - Pitching for Quad Cities River Bandits : LHP Jason Mitchell
|
Batting: LHB Edgar Ortiz
|
0-0: Ball 1-0: Called Strike 1-1: Called Strike 1-2: Ball 2-2: Strikes out looking
|
Batting: RHB Chang-keun Baik
|
0-0: Called Strike 0-1: Ball 1-1: Swinging Strike 1-2: Ground out 6-3 (Groundball, 6, EV 101.9 MPH)
|
Batting: RHB David Rubio
|
0-0: Foul Ball, location: 2F 0-1: Foul Ball, location: 2F 0-2: Hit by Pitch
|
Batting: RHB Ian Hornsby
|
0-0: Ground out 5-3 (Groundball, 25, EV 90.0 MPH)
|
Top of the 4th over - 0 runs, 0 hits, 0 errors, 1 left on base; Lexington 0 - Quad Cities 3 |
BOTTOM OF THE 4TH |
Quad Cities River Bandits batting - Pitching for Lexington Legends : RHP Tony Jimenez
|
Batting: RHB Cameron Rattenbury
|
0-0: Ball 1-0: SINGLE (Groundball, 56D, EV 95.0 MPH)
|
Batting: LHB Tomas de Zeeuw
|
0-0: Ball 1-0: TRIPLE (Flyball, 7D, EV 95.6 MPH) Cameron Rattenbury scores
|
Batting: RHB Yoshitoshi Mori
|
0-0: Called Strike 0-1: Foul Ball, location: 2F 0-2: Ball 1-2: Ball 2-2: Foul Ball, location: 2F 2-2: Ball 3-2: DOUBLE (Line Drive, 78D, EV 106.2 MPH) Tomas de Zeeuw scores
|
Pitching: RHP Danny Zuniga
|
|
Batting: SHB Benoît Morin
|
0-0: Ball 1-0: Swinging Strike 1-1: Swinging Strike 1-2: Strikes out swinging
|
Batting: RHB Oren Jones
|
0-0: Ball Wild Pitch! Yoshitoshi Mori to third 1-0: Ball 2-0: Foul Ball, location: 2F 2-1: Swinging Strike 2-2: Strikes out swinging
|
Batting: RHB Omar Amaya
|
0-0: Called Strike 0-1: Ball 1-1: Swinging Strike 1-2: Ball 2-2: Foul Ball, location: 2F 2-2: Ball 3-2: Fly out, F9 (Flyball, 9, EV 73.1 MPH)
|
Bottom of the 4th over - 2 runs, 3 hits, 0 errors, 1 left on base; Lexington 0 - Quad Cities 5 |
TOP OF THE 5TH |
Lexington Legends batting - Pitching for Quad Cities River Bandits : LHP Jason Mitchell
|
Batting: RHB Trevor Kingston
|
0-0: Ball 1-0: Foul Ball, location: 2F 1-1: Foul Ball, location: 2F 1-2: Ground out 5-3 (Groundball, 56, EV 85.0 MPH)
|
Batting: LHB Josh Dalton
|
0-0: Ball 1-0: Fly out, F8 (Line Drive, 8LD, EV 100.6 MPH)
|
Batting: LHB Vicente Hernandez
|
0-0: Foul Ball, location: 2F 0-1: Foul Ball, location: 2F 0-2: Ball 1-2: Foul Ball, location: 2F 1-2: Ground out U3 (Groundball, 3S, EV 85.0 MPH)
|
Top of the 5th over - 0 runs, 0 hits, 0 errors, 0 left on base; Lexington 0 - Quad Cities 5 |
BOTTOM OF THE 5TH |
Quad Cities River Bandits batting - Pitching for Lexington Legends : RHP Danny Zuniga
|
Batting: RHB Sean Mounts
|
0-0: Swinging Strike 0-1: Ball 1-1: Swinging Strike 1-2: Foul Ball, location: 2F 1-2: Ball 2-2: Foul Ball, location: 2F 2-2: Foul Ball, location: 2F 2-2: Strikes out swinging
|
Batting: LHB Bob Dietz
|
0-0: Called Strike 0-1: Called Strike 0-2: Ball 1-2: Foul Ball, location: 2F 1-2: Ball 2-2: Reached on error, E5 (Groundball, 5L, EV 88.8 MPH)
|
Batting: RHB Xavier Castaneda
|
0-0: Ball 1-0: Called Strike 1-1: Ball 2-1: Ball 3-1: Base on Balls Bob Dietz to second
|
Batting: RHB Cameron Rattenbury
|
0-0: Called Strike 0-1: Single, Error in OF, E7, batter to second base (Line Drive, 78S, EV 100.6 MPH) Bob Dietz scores Xavier Castaneda to third
|
Batting: LHB Tomas de Zeeuw
|
0-0: Foul Ball, location: 2F 0-1: Fly out, F8 (Flyball, 78M, EV 95.6 MPH) Runner from 3rd tags up, SCORES, no throw by CF
|
Pitching: RHP Kevin Fleming
|
|
Batting: RHB Yoshitoshi Mori
|
0-0: Called Strike 0-1: Foul Ball, location: 2F 0-2: Ball 1-2: Ball 2-2: Ball 3-2: Ground out 4-3 (Groundball, 34, EV 103.8 MPH)
|
Bottom of the 5th over - 2 runs, 1 hit, 2 errors, 1 left on base; Lexington 0 - Quad Cities 7 |
TOP OF THE 6TH |
Lexington Legends batting - Pitching for Quad Cities River Bandits : LHP Jason Mitchell
|
Batting: LHB Efrem Isaev
|
0-0: Swinging Strike 0-1: Ball 1-1: Foul Ball, location: 2F 1-2: Ground out 3-1 (Groundball, 34, EV 80.6 MPH)
|
Batting: RHB Jonas Fernandez
|
0-0: Ball 1-0: Foul Ball, location: 2F 1-1: Swinging Strike 1-2: Ball 2-2: Ball 3-2: Base on Balls
|
Batting: LHB Edgar Ortiz
|
0-0: Foul Ball, location: 2F 0-1: Foul Ball, location: 2F 0-2: Ball 1-2: Foul Ball, location: 2F 1-2: Foul Ball, location: 2F 1-2: Foul Ball, location: 2F 1-2: Strikes out swinging
|
Pitching: RHP Brian Trejo
|
|
Batting: RHB Chang-keun Baik
|
0-0: Called Strike 0-1: Ball 1-1: Ball 2-1: Ball 3-1: Ground out 2-3 (Groundball, 15S, EV 66.9 MPH)
|
Top of the 6th over - 0 runs, 0 hits, 0 errors, 1 left on base; Lexington 0 - Quad Cities 7 |
BOTTOM OF THE 6TH |
Quad Cities River Bandits batting - Pitching for Lexington Legends : RHP Kevin Fleming
|
Batting: SHB Benoît Morin
|
0-0: Called Strike 0-1: Foul Ball, location: 2F 0-2: Strikes out looking
|
Batting: RHB Oren Jones
|
0-0: Ball 1-0: Ground out 5-3 (Groundball, 56S, EV 81.9 MPH)
|
Batting: RHB Omar Amaya
|
0-0: Ball 1-0: Ball 2-0: Ball 3-0: Called Strike 3-1: Base on Balls
|
Batting: RHB Sean Mounts
|
0-0: Ball 1-0: Called Strike 1-1: Foul Ball, location: 2F 1-2: Ball 2-2: Ball 3-2: Base on Balls Omar Amaya to second
|
Batting: LHB Bob Dietz
|
0-0: Foul Ball, location: 2F 0-1: SINGLE (Groundball, 4MD, EV 106.2 MPH) Omar Amaya to third Sean Mounts to second Runner from 3rd tries for Home, throw by CF and OUT! 8-2
|
Bottom of the 6th over - 0 runs, 1 hit, 0 errors, 2 left on base; Lexington 0 - Quad Cities 7 |
TOP OF THE 7TH |
Lexington Legends batting - Pitching for Quad Cities River Bandits : RHP Brian Trejo
|
Batting: RHB David Rubio
|
0-0: Foul Ball, location: 2F 0-1: Called Strike 0-2: Ball 1-2: Foul Ball, location: 2F 1-2: Strikes out looking
|
Batting: RHB Ian Hornsby
|
0-0: Ball 1-0: Ground out 4-3 (Groundball, 4, EV 77.5 MPH)
|
Batting: RHB Trevor Kingston
|
0-0: Ball 1-0: Called Strike 1-1: Ball 2-1: Ball 3-1: Ground out U3 (Groundball, 34S, EV 89.4 MPH)
|
Top of the 7th over - 0 runs, 0 hits, 0 errors, 0 left on base; Lexington 0 - Quad Cities 7 |
BOTTOM OF THE 7TH |
Quad Cities River Bandits batting - Pitching for Lexington Legends : RHP Kevin Fleming
|
Batting: RHB Xavier Castaneda
|
0-0: Ball 1-0: Swinging Strike 1-1: Foul Ball, location: 2F 1-2: Ball 2-2: Ball 3-2: Base on Balls
|
Batting: RHB Cameron Rattenbury
|
0-0: Ball Xavier Castaneda steals 2nd base 1-0: Called Strike 1-1: Ball 2-1: Ball 3-1: Foul Ball, location: 2F 3-2: Ground out 5-3 (Groundball, 56S, EV 93.1 MPH)
|
Pitching: RHP Mike Galvin
|
|
Batting: LHB Tomas de Zeeuw
|
0-0: Ball 1-0: Called Strike 1-1: Swinging Strike 1-2: Ball 2-2: Foul Ball, location: 2F 2-2: Strikes out swinging
|
Batting: RHB Yoshitoshi Mori
|
0-0: Called Strike 0-1: Ball 1-1: SINGLE (Groundball, 56D, EV 97.5 MPH) Xavier Castaneda to third Runner from 3rd tries for Home, SAFE, throw by LF to home Yoshitoshi Mori to second
|
Batting: SHB Benoît Morin
|
0-0: Ball 1-0: Ground out 5-3 (Groundball, 56S, EV 88.8 MPH)
|
Bottom of the 7th over - 1 run, 1 hit, 0 errors, 1 left on base; Lexington 0 - Quad Cities 8 |
TOP OF THE 8TH |
Lexington Legends batting - Pitching for Quad Cities River Bandits : RHP Brian Trejo
|
Batting: LHB Josh Dalton
|
0-0: SINGLE (Groundball, 6D, EV 99.4 MPH)
|
Batting: LHB Vicente Hernandez
|
0-0: Ball 1-0: DOUBLE (Line Drive, 7LM, EV 108.1 MPH) Josh Dalton to third
|
Pinch Hitting: RHB Chance Argy
|
0-0: Ground out 4-3 (Groundball, 4, EV 87.5 MPH) Josh Dalton scores Vicente Hernandez to third
|
Batting: RHB Jonas Fernandez
|
0-0: Ball 1-0: Foul Ball, location: 2F 1-1: Ball 2-1: Swinging Strike 2-2: Foul Ball, location: 2F 2-2: Ball 3-2: Base on Balls
|
Batting: LHB Edgar Ortiz
|
0-0: Ball 1-0: Ball 2-0: Ball 3-0: Base on Balls Jonas Fernandez to second
|
Batting: RHB Chang-keun Baik
|
0-0: Called Strike 0-1: Foul Ball, location: 2F 0-2: Strikes out swinging
|
Batting: RHB David Rubio
|
0-0: Called Strike 0-1: Ball 1-1: Ground out 4-3 (Groundball, 4, EV 101.2 MPH)
|
Top of the 8th over - 1 run, 2 hits, 0 errors, 3 left on base; Lexington 1 - Quad Cities 8 |
BOTTOM OF THE 8TH |
Quad Cities River Bandits batting - Pitching for Lexington Legends : RHP Mike Galvin
|
Now at 1B: Chance Argy
|
|
Pinch Hitting: LHB Aldo Kok
|
0-0: Fly out, F8 (Flyball, 8LD, EV 88.1 MPH)
|
Batting: RHB Omar Amaya
|
0-0: Called Strike 0-1: Called Strike 0-2: Foul Ball, location: 2F 0-2: Foul Ball, location: 2F 0-2: Ball 1-2: Ball 2-2: Foul Ball, location: 2F 2-2: Ball 3-2: Strikes out swinging
|
Batting: RHB Sean Mounts
|
0-0: Ball 1-0: Called Strike 1-1: Ball 2-1: Called Strike 2-2: Foul Ball, location: 2F 2-2: Ball 3-2: Foul Ball, location: 2F 3-2: SINGLE (Groundball, 6M, EV 86.9 MPH) (infield hit)
|
Pitching: RHP Justin Potts
|
|
Batting: LHB Bob Dietz
|
0-0: Ball 1-0: SINGLE (Groundball, 34D, EV 98.1 MPH) Sean Mounts to second Runner from 2nd tries for 3rd, SAFE, throw by RF made to third Bob Dietz to second
|
Batting: RHB Xavier Castaneda
|
0-0: Foul Ball, location: 2F 0-1: Ball 1-1: Ball 2-1: Fly out, F7 (Flyball, 78S, EV 91.2 MPH)
|
Bottom of the 8th over - 0 runs, 2 hits, 0 errors, 2 left on base; Lexington 1 - Quad Cities 8 |
TOP OF THE 9TH |
Lexington Legends batting - Pitching for Quad Cities River Bandits : RHP Brian Trejo
|
Now at 1B: Andrew Pride
|
|
Now at 2B: Bob Dietz
|
|
Now at 3B: Sean Mounts
|
|
Now at SS: Xavier Castaneda
|
|
Batting: RHB Ian Hornsby
|
0-0: Called Strike 0-1: Ball 1-1: Called Strike 1-2: Foul Ball, location: 2F 1-2: Fly out, F9 (Flyball, 9LM, EV 95.6 MPH)
|
Batting: RHB Trevor Kingston
|
0-0: Ball 1-0: Called Strike 1-1: Foul Ball, location: 2F 1-2: Ball 2-2: Foul Ball, location: 2F 2-2: Ball 3-2: Foul Ball, location: 2F 3-2: Foul Ball, location: 2F 3-2: Strikes out swinging
|
Batting: LHB Josh Dalton
|
0-0: Ball 1-0: Foul Ball, location: 2F 1-1: Ground out 6-3 (Groundball, 6, EV 89.4 MPH)
|
Top of the 9th over - 0 runs, 0 hits, 0 errors, 0 left on base; Lexington 1 - Quad Cities 8 |
|